 Dungeon Crawl Stone Soup version 0.27-a0-1136-g0b992a5a9d (webtiles) character file.

Game seed: 3372809355181310545

4 Anon1729 the Skirmisher (level 1, -4/16 (18) HPs)
             Began as a Formicid Berserker on May 4, 2021.
             Slain by a kobold
             ... wielding a +2 short sword of draining
              (6 damage)
             ... on level 1 of the Dungeon.
             The game lasted 00:00:16 (419 turns).

Anon1729 the Skirmisher (Formicid Berserker)         Turns: 419, Time: 00:00:17

HP:   -4/16 (18)    AC:  2    Str: 21    XL:     1   Next: 77%
MP:   1/1           EV: 12    Int:  6    God:
Gold: 26            SH:  0    Dex: 10    Spells: 0/0 levels left

rFire    . . .     SeeInvis +   a - +0 falchion
rCold    . . .     Faith    .   (no shield)
rNeg     . . .     Spirit   .   b - +0 animal skin
rPois    .         Reflect  .   (helmet unavailable)
rElec    .         Harm     .   (no cloak)
rCorr    .         Rampage  .   (no gloves)
Will     .....                  (no boots)
Stlth    +.........             (no amulet)
HPRegen  0.05/turn              (no ring)
MPRegen  0.07/turn              (no ring)

@: heavily drained
A: permanent stasis, dig shafts and tunnels, antennae 3, four strong arms
a: Dig, Shaft Self


You were on level 1 of the Dungeon.
You visited 1 branch of the dungeon, and saw 1 of its levels.

You collected 26 gold pieces.

Inventory:

Hand Weapons
 a - a +0 falchion (weapon)
Armour
 b - a +0 animal skin (worn)
Scrolls
 c - a scroll of fog {unknown}
 d - a scroll of teleportation {unknown}
 f - a scroll of amnesia {unknown}
Potions
 e - 2 potions of heal wounds {unknown}


   Skills:
 + Level 3.3 Fighting
 * Level 3.1 Long Blades
 + Level 2.3 Armour
 + Level 1.8 Dodging


You couldn't memorise any spells.
You didn't know any spells.
Your spell library was empty.

Dungeon Overview and Level Annotations

Branches:
Dungeon (1/15)

Altars:


Innate Abilities, Weirdness & Mutations

You cannot be hasted, slowed, berserked, paralysed or teleported.
You can dig through walls and to a lower floor.
You have a pair of large antennae on your head. (SInv)
Your four strong arms can wield two-handed weapons with a shield.


Message History

A hobgoblin comes into view.
The hobgoblin shouts!
Found 13 bolts.
A hobgoblin is nearby!
A hobgoblin is nearby!
You barely miss the hobgoblin. The hobgoblin hits you.
You barely miss the hobgoblin. The hobgoblin misses you.
You riposte.
You barely miss the hobgoblin. You barely miss the hobgoblin.
The hobgoblin hits you but does no damage.
You slash the hobgoblin!
You kill the hobgoblin!
No target in view!
No target in view!
You sense a monster nearby.
You sense a monster nearby.
You now have 26 gold pieces (gained 16).
f - a scroll labelled ATO INELUPLU You open the door.
A kobold comes into view.
It is wielding a +2 short sword of draining.
The kobold shouts!
The kobold hits you with a +2 short sword of draining.
You feel drained.
You hit the kobold.
The kobold is moderately wounded.
The kobold hits you with a +2 short sword of draining.
* * * LOW HITPOINT WARNING * * *
You feel drained.
* * * LOW HITPOINT WARNING * * *
You are too injured to fight recklessly!
You are too injured to fight recklessly!
You are too injured to fight recklessly!
You are too injured to fight recklessly!
You are too injured to fight recklessly!
You are too injured to fight recklessly!
You are too injured to fight recklessly!
You closely miss the kobold.
The kobold is moderately wounded.
The kobold hits you with a +2 short sword of draining.
You die...

#....########
#...........##
##..^........#
#...........#
#...........##
#............#
###'####.....#
#.# #.#.#.# {
#.# #.#.#@# #.#
##.#.#K# #.#
#....#..
#.###....####
#........# #.#
####.....#
##.#+### #.#
#####.....#
......# #.# ##
#...#.....#
#.....# #.#
.#####.#.#.#...#
#.....# #.#


You could see a kobold.

Vanquished Creatures
  An endoplasm (D:1)
  A hobgoblin (D:1)
  A kobold (D:1)
  A frilled lizard (D:1)
4 creatures vanquished.

Notes
Turn   | Place    | Note
-------+----------+-------------------------------------------
     0 | D:1      | Anon1729 the Formicid Berserker began the quest for the
                  | Orb.
     0 | D:1      | Reached XP level 1. HP: 18/18 MP: 1/1
     0 | D:1      | Fell from the grace of Trog
   419 | D:1      | Slain by a kobold

Illustrated notes

Levels and vault maps discovered:
D:1:      dpeg_arrival_snail, layout_basic, minmay_box_of_dots

Action                   || total
-------------------------++-------
Melee: Falchion          ||    11
Invok: Renounce Religion ||     1
Armor: Animal skin       ||     1
Dodge: Dodged            ||     3
       Rpst.: Falchion   ||     3

Table legend: (Time is in decaauts)
 A = Elapsed time spent in this place.
 B = Non-inter-level travel time spent in this place.
 C = Inter-level travel time spent in this place.
 D = Time resting spent in this place.
 E = Time spent auto-exploring this place.
 F = Levels seen in this place.
 G = Mean time per level.
                   A        B        C        D        E       F      G
               +--------+--------+--------+--------+--------+-----+--------+
         Total |    420 |    420 |      0 |      0 |    389 |   1 |  420.0 |
       Dungeon |    420 |    420 |      0 |      0 |    389 |   1 |  420.0 |
               +--------+--------+--------+--------+--------+-----+--------+

Top non-repeatable levels by time:
     D:1: 420 daAuts
